 Dungeon Crawl Stone Soup version 0.28-a0-773-g130ae17fe5 (webtiles) character file.

Game seed: 13127905843004600113

96 croobank the Digger (level 4, -2/36 HPs)
             Began as a Gargoyle Earth Elementalist on Nov 1, 2021.
             Slain by a kobold (3 damage)
             ... on level 3 of the Dungeon.
             The game lasted 00:18:29 (2707 turns).

croobank the Digger (Gargoyle Earth Elementalist)   Turns: 2707, Time: 00:18:29

Health: -2/36      AC: 22    Str: 12    XL:     4   Next: 67%
Magic:  1/7        EV:  2    Int: 16    God:
Gold:   47         SH:  0    Dex: 10    Spells: 4/8 levels left

rFire   . . .      SeeInvis .   d - +0 dagger
rCold   . . .      Faith    .   (no shield)
rNeg    + . .      Spirit   .   (armour currently unavailable)
rPois   ∞          Reflect  .   (helmet currently unavailable)
rElec   .          Harm     .   (cloak currently unavailable)
rCorr   .          Rampage  .   (gloves currently unavailable)
Will    .....      NoTele   +   (boots currently unavailable)
Stlth   +.........              (no amulet)
HPRegen 0.12/turn               (no ring)
MPRegen 0.10/turn               (no ring)

@: confused, tree-form
A: stationary, stasis, torment immunity, boosted hp, sickness immunity, AC +3,
negative energy resistance 1, (electricity resistance), torment resistance 1,
petrification resistance
a: no special abilities


You were on level 3 of the Dungeon.
You were a tree.
You visited 1 branch of the dungeon, and saw 3 of its levels.

You collected 47 gold pieces.

Inventory:

Hand Weapons
 a - a +0 whip of freezing
 d - a +0 dagger (weapon)
Missiles
 c - 50 stones
 k - 12 sling bullets
Armour
 b - a +0 robe (melded)
 g - a +0 robe
 j - a +0 scale mail
Scrolls
 i - a scroll of noise
Potions
 f - a potion of lignification


   Skills:
 + Level 0.3 Fighting
 + Level 1.2 Short Blades
 + Level 2.3 Dodging
 + Level 2.8 Stealth
 + Level 0.2 Unarmed Combat
 + Level 2.6 Spellcasting
 + Level 0.7 Transmutations
 + Level 4.3 Earth Magic


You had 4 spell levels left.
You knew the following spells:

 Your Spells              Type           Power      Damage    Failure   Level
a - Sandblast             Erth           32%        2d9       3%          1
b - Passwall              Tmut/Erth      8%         N/A       11%         2
c - Shock                 Conj/Air       8%         1d3       21%         1

Your spell library contained the following spells:

 Spells                   Type           Power      Damage    Failure   Level
 Stone Arrow              Conj/Erth      18%        3d8       24%         3
 Swiftness                Air            2%         N/A       52%         3
 Petrify                  Tmut/Erth      10%        N/A       56%         4
 Airstrike                Air            1%         N/A       89%         4


Dungeon Overview and Level Annotations

Branches:
Dungeon (3/15)

Altars:


Innate Abilities, Weirdness & Mutations

You are a tree.
Your roots penetrate the ground, keeping you stationary.
You cannot be teleported.
You are immune to unholy pain and torment.
Your maximum health is greatly increased.
Your equipment is partially melded.
You are immune to sickness and miasma.
((Your stone body is resilient. (AC +3)))
You are immune to poison.
You resist negative energy. (rN+)
((You are resistant to electric shocks. (rElec)))
You are resistant to unholy torment.
You are immune to petrification.


Message History

The orc warrior is wielding a +0 scimitar and wearing a +1 plate armour of cold resistance.
Found a brass ring, 35 stones and 13 gold pieces.
An endoplasm and an orc wizard come into view.
The orc warrior shouts!
The orc shouts!
The orc wizard shouts!
The orc wizard points at you and mumbles some strange words.
The puff of flame hits you!
* * * LOW HITPOINT WARNING * * *
Aiming: Sandblast (safe; 3% risk of failure)
Press: ? - help, Q - select action, (/) - cycle Shift-Dir - straight line, f - orc wizard
Aim: an orc wizard, wielding a +0 dagger and wearing a +0 robe (74% to hit)
The blast of sand misses the orc wizard.
You closely miss the orc wizard.
The orc wizard mumbles some strange words.
The orc wizard flickers and vanishes!
Deactivating autopickup; reactivate with Ctrl-A.
A kobold comes into view.
It is wielding a +0 club and quivering poisoned darts.
Found a tapered copper wand.
The endoplasm quivers.
The kobold throws a poisoned dart.
The poisoned dart closely misses you. The orc wizard closely misses you.
Found a viscous red potion.
The kobold throws a poisoned dart.
The poisoned dart misses you.
Found a stone staircase leading up.
The orc wizard gestures at you while chanting.
You are confused.
You bump into the rock wall.
The kobold hits you but does no damage.
You turn into a tree.
Your +0 robe melds into your body.
Your roots penetrate the ground.
The kobold hits you but does no damage.
The orc wizard hits you but does no damage.
You're too confused to cast spells.
You cannot move. (Use ctrl+direction or * direction to attack without moving.)
You closely miss the kobold.
The endoplasm hits you but does no damage.
The kobold hits you but does no damage.
You miss the orc warrior. The orc hits you but does no damage.
The endoplasm freezes you.
You are frozen.
* * * LOW HITPOINT WARNING * * *
The kobold hits you with a +0 club.
You die...

#........... .###..
#(..........
.<....#######...........
...........##...........
...........##...........
#.........##...........
#........=.........#...
#.....Koo.......#......
#.....♣o.........##...#
#######J......$..# #...
#..........# ...
#..........# .(
#..........#
##........## #..../...#
...!......


You could see an orc warrior, an orc wizard, an orc, an endoplasm and a kobold.

Vanquished Creatures
  An orc wizard (D:3)
  2 adders (D:2)
  A worm (D:3)
  3 dart slugs
  2 orcs (D:3)
  5 bats
  3 endoplasms (D:1)
  2 giant cockroaches (D:1)
  6 hobgoblins
  2 jackals (D:3)
  2 quokkas
  2 ball pythons
  8 frilled lizards
  4 goblins
  2 kobolds (D:1)
  3 rats
48 creatures vanquished.

Notes
Turn   | Place    | Note
-------+----------+-------------------------------------------
     0 | D:1      | croobank the Gargoyle Earth Elementalist began the quest
                  | for the Orb.
     0 | D:1      | Reached XP level 1. HP: 10/10 MP: 3/3
   644 | D:1      | Reached XP level 2. HP: 15/15 MP: 3/5
   657 | D:1      | Reached skill level 4 in Earth Magic
  1295 | D:1      | Found a faded altar of an unknown god.
  1313 | D:1      | Learned a level 2 spell: Passwall
  1420 | D:1      | Reached XP level 3. HP: 19/19 MP: 6/6
  1491 | D:2      | Learned a level 1 spell: Shock
  2391 | D:2      | Reached skill level 1 in Short Blades
  2623 | D:3      | Reached XP level 4. HP: 21/24 MP: 3/7
  2692 | D:3      | Noticed an orc warrior
  2707 | D:3      | HP: 1/36 [frozen (4)]
  2707 | D:3      | Slain by a kobold

Illustrated notes

Levels and vault maps discovered:
D:1:      lightli_arrival_statuegarden, layout_basic,
          hellmonk_ecumenical_altar_leap_of_faith, serial_park_tiny_2
D:2:      layout_basic
D:3:      layout_rooms

Skill      XL: |  1  2  3 |
---------------+----------+-----
Earth Magic    | 4 |  4.3
Dodging        | 2 |  2.3
Short Blades   | 1 |  1.2
Fighting       | |  0.3
Stealth        | |  2.8
Unarmed Combat | |  0.2
Spellcasting   | |  2.6
Transmutations | |  0.7

Action                   |  1- 3 |  4- 6 || total
-------------------------+-------+-------++-------
Melee: Unarmed           |    19 |       ||    19
       Dagger            |   112 |    28 ||   140
 Cast: Sandblast         |    24 |    16 ||    40
  Use: Scroll            |     4 |       ||     4
       Potion            |     4 |     5 ||     9
 Stab: Sleeping          |     4 |       ||     4
Armor: Robe              |    42 |    17 ||    59
       Skin              |       |     5 ||     5
Dodge: Dodged            |    78 |    38 ||   116

Table legend: (Time is in decaauts)
 A = Elapsed time spent in this place.
 B = Non-inter-level travel time spent in this place.
 C = Inter-level travel time spent in this place.
 D = Time resting spent in this place.
 E = Time spent auto-exploring this place.
 F = Levels seen in this place.
 G = Mean time per level.
                   A        B        C        D        E       F      G
               +--------+--------+--------+--------+--------+-----+--------+
         Total |   2702 |   2645 |     57 |    698 |   1444 |   3 |  900.7 |
       Dungeon |   2702 |   2645 |     57 |    698 |   1444 |   3 |  900.7 |
               +--------+--------+--------+--------+--------+-----+--------+

Top non-repeatable levels by time:
     D:1: 1474 daAuts
     D:2: 1139 daAuts
     D:3: 88 daAuts
